Match 46400552
Unlisted

Match 46400552
End
Pioneer Squad
Construct Infanterie Kompanie
MG 42 Machine Gun Team
Grenadier Squad
Grenadier Squad
Construct Panzergrenadier Kompanie
Panzergrenadier Squad
Medical Station
Pak 40 Anti-tank Gun Team
Support Elements
Panzergrenadier Squad
Selects Mechanized Battlegroup
Selects Raid Package
Selects 8 Rad Armored Car
StuG III G Assault Gun
Panzergrenadier Officer Quarters
Nebelwerfer 42 Rocket Launcher Team
DebaKLeTV
Nightmare
Minami Kotori
SxNine
0
0

Comments sign in to comment!

No comments posted yet!